 Dungeon Crawl Stone Soup version 0.19.0-9-gfd783f2 (webtiles) character file.

240 GameOver the Stinger (level 6, 0/36 HPs)
             Began as an Octopode Venom Mage on Nov 7, 2016.
             Slain by a hobgoblin zombie (1 damage)
             ... in an ossuary.
             The game lasted 00:15:34 (3510 turns).

GameOver the Stinger (Octopode Venom Mage)          Turns: 3510, Time: 00:15:35

Health: 0/36       AC:  1    Str: 12    XL:     6   Next: 8%
Magic:  9/9        EV: 14    Int: 19    God:
Gold:   152        SH:  2    Dex: 13    Spells: 2 memorised, 3 levels left

rFire  . . .     SeeInvis .     r - +0 spear
rCold  + . .     Gourm    .     (no shield)
rNeg   . . .     Faith    .     (helmet restricted)
rPois  .         Spirit   .     e - +2 amulet of reflection
rElec  .         Reflect  +     (no ring)
rCorr  .         Harm     .     (no ring)
MR     .....                    (no ring)
Stlth  ++++......               (no ring)
                                (no ring)
                                (no ring)
                                (no ring)
                                (no ring)

@: mighty
A: almost no armour, stealthy swim, amphibious, 8 rings, constrict 8, camouflage
1, blink, cold resistance 1, mutation resistance 1, gelatinous body 1
a: Blink


You were in an ossuary.
You were not hungry.

You visited 1 branch of the dungeon, and saw 4 of its levels.
You also visited: Ossuary.

You collected 152 gold pieces.

Inventory:

Hand Weapons
 r - a +0 spear (weapon)
Missiles
 h - 21 bolts
 q - 40 arrows
Jewellery
 e - a +2 amulet of reflection (around mantle)
Scrolls
 c - a scroll of fog
 d - a scroll of remove curse
 f - a scroll of fear
 g - a scroll of teleportation
 o - a scroll of immolation
Potions
 i - a potion of might
 k - a potion of curing
 p - a potion of flight
Books
 a - a Young Poisoner's Handbook

   Spells                             Type                      Level
   a - Sting                          Conjuration/Poison           1
   b - Mephitic Cloud                 Conjuration/Poison/Air       3
   c - Olgreb's Toxic Radiance        Poison                       4
   d - Alistair's Intoxication        Transmutation/Poison         5
   e - Venom Bolt                     Conjuration/Poison           5
Comestibles
 b - 4 bread rations


   Skills:
 - Level 3.1 Dodging
 - Level 5.0 Stealth
 + Level 2.3 Spellcasting
 * Level 2.0 Conjurations
 + Level 6.3 Poison Magic


You had 3 spell levels left.
You knew the following spells:

 Your Spells              Type           Power        Failure   Level  Hunger
a - Sting                 Conj/Pois      ###.         3%          1    #......
b - Venom Bolt            Conj/Pois      ###.......   85%         5    ######.


Dungeon Overview and Level Annotations

Branches:
Dungeon (4/15)
 Temple: D:4-7

Altars:

Annotations:
D:3 Philosophy's ghost, amateur CeHu
D:4 Dowan; Duvessa; Menkaure; Robin; Sigmund


Innate Abilities, Weirdness & Mutations

You cannot wear most types of armour.
You are very stealthy in the water. (Stealth+)
You are amphibious.
You can wear up to eight rings at the same time.
You can use your tentacles to constrict eight enemies at once.
Your skin changes colour to match your surroundings (Stealth+).
Your rubbery body absorbs attacks. (AC +1, EV +1)
You can translocate small distances at will.
Your flesh is cold resistant. (rC+)
You are somewhat resistant to further mutation.


Message History

You closely miss the elf zombie. You grab the elf zombie.
You constrict the elf zombie. The elf zombie hits you!
The big kobold zombie hits you.
* * * LOW HITPOINT WARNING * * *
Your magical contamination has completely faded away.
You puncture the elf zombie! You squeeze the elf zombie!
The elf zombie is moderately damaged.
You constrict the elf zombie.
The elf zombie hits you but does no damage.
You hit the elf zombie.
The elf zombie is moderately damaged.
You constrict the elf zombie. The big kobold zombie hits you.
* * * LOW HITPOINT WARNING * * *
The elf zombie barely misses you.
You hit the elf zombie.
The elf zombie is heavily damaged.
You constrict the elf zombie. The elf zombie hits you.
* * * LOW HITPOINT WARNING * * *
The big kobold zombie misses you. The hobgoblin zombie hits you.
You die...

...................#
...................#
.......8..8........#
......ZZ...........#
..######..######...#
..# #..# #...# ..#
#..# #...#
..#.####ZZ####.#Z..#
..#Z.Z......Z..#@..#
..#.####.......#ZZ.#
.Z# #.......#Z..#
..# #.......#...#


ZZ# #.∩.....#...# .Z# ....+####...# ..# #...# #...# ..# ...# #...#
.Z##############...# You could see a hobgoblin zombie, a big kobold zombie, an
orc zombie and an elf zombie.

Vanquished Creatures
  A centaur zombie (Ossuary)
  A human zombie (Ossuary)
  A mummy (Ossuary)
  3 gnolls (D:2)
  4 adders
  An ooze (D:3)
  An adder zombie (Ossuary)
  A worm (D:2)
  5 dart slugs
  2 leopard geckos (D:1)
  2 orcs
  3 giant cockroaches
  4 goblins
  2 hobgoblins
  3 jackals (D:4)
  8 kobolds
  2 quokkas
  6 bats
  4 frilled lizards
  9 hobgoblin zombies (Ossuary)
  A jackal zombie (Ossuary)
  5 kobold zombies (Ossuary)
  8 orc zombies (Ossuary)
  11 rats
  2 rat zombies (Ossuary)
90 creatures vanquished.

Notes
Turn   | Place    | Note
-------+----------+-------------------------------------------
     0 | D:1      | GameOver the Octopode Venom Mage began the quest for the Orb.
     0 | D:1      | Reached XP level 1. HP: 11/11 MP: 3/3
   130 | D:1      | Reached skill level 5 in Poison Magic
   130 | D:1      | Reached XP level 2. HP: 16/17 MP: 3/5
   706 | D:2      | Reached XP level 3. HP: 21/21 MP: 4/6
  1427 | D:2      | Reached XP level 4. HP: 19/27 MP: 3/7
  2036 | D:3      | Reached skill level 5 in Stealth
  2036 | D:3      | Reached XP level 5. HP: 31/31 MP: 1/8
  2288 | D:3      | Noticed Philosophy's ghost (amateur CeHu)
  2346 | D:3      | Gained mutation: You are somewhat resistant to further mutation. [potion of mutation]
  2346 | D:3      | Gained mutation: You can translocate small distances at will. [potion of mutation]
  2346 | D:3      | Gained mutation: Your flesh is cold resistant. (rC+) [potion of mutation]
  2766 | D:3      | Learned a level 5 spell: Venom Bolt
  2978 | D:4      | Noticed Duvessa
  2978 | D:4      | Noticed Dowan
  3072 | D:4      | Noticed Sigmund
  3172 | D:4      | Noticed Menkaure
  3208 | D:4      | Found a sand-covered staircase.
  3213 | D:4      | Noticed Robin
  3216 | Ossuary  | Entered an ossuary
  3315 | Ossuary  | Reached skill level 6 in Poison Magic
  3485 | Ossuary  | Reached skill level 1 in Conjurations
  3499 | Ossuary  | Reached XP level 6. HP: 11/36 MP: 9/9
  3510 | Ossuary  | HP: 1/36 [elf zombie (5)]
  3510 | Ossuary  | Slain by a hobgoblin zombie

Skill      XL: |  1  2  3  4  5  6 |
---------------+-------------------+-----
Stealth        | 3 4 5 |  5.0
Poison Magic   | 5 6 |  6.3
Dodging        | 3 |  3.1
Conjurations   | 1 2 |  2.0
Spellcasting   | |  2.3

Action                   |  1- 3 |  4- 6 || total
-------------------------+-------+-------++-------
Melee: Constrict         |     7 |    25 ||    32
       Unarmed           |     2 |       ||     2
       Short sword       |    17 |       ||    17
       Tentacles         |     3 |    12 ||    15
       Spear             |       |   139 ||   139
 Cast: Sting             |    61 |    58 ||   119
  Use: Potion            |       |     8 ||     8
       Scroll            |       |     6 ||     6
 Stab: Sleeping          |     1 |     6 ||     7
       Invisible         |       |     3 ||     3
  Eat: Chunk             |     2 |     7 ||     9
       Bread ration      |       |     1 ||     1
Armor: Skin              |       |    14 ||    14
Dodge: Dodged            |     8 |    68 ||    76
Block: Other             |       |     3 ||     3
